 Dungeon Crawl Stone Soup version 0.31.0-11-ge490571c62 (webtiles) character file.

Game seed: 8280252014598323936

476 qw the Shooter (level 6, -2/30 HPs)
             Began as a Spriggan Hunter on Feb 4, 2024.
             Was an Initiate of Okawaru.
             Slain by Dowan
             ... wielding a +1 dagger of draining
              (5 damage)
             ... on level 4 of the Dungeon.
             The game lasted 00:00:21 (3311 turns).

qw the Shooter (Spriggan Hunter)                    Turns: 3311, Time: 00:00:21

Health: -2/30      AC:  2    Str:  7    XL:     6   Next: 84%
Magic:  7/7        EV: 21    Int: 11    God:    Okawaru [......]
Gold:   245        SH:  0    Dex: 20    Spells: 5/5 levels left

rFire   + . .        a - +1 shortbow
rCold   + . .        (shield currently unavailable)
rNeg    . . .        c - +0 robe
rPois   .            (helmet restricted)
rElec   .            d - scarf {rC+ rF+}
rCorr   .            (gloves unavailable)
SInv    +            (boots unavailable)
Will    +....        k - amulet of the acrobat
Stlth   ++           (no ring)
HPRegen 0.25/turn    (no ring)
MPRegen 0.10/turn

%: acrobat
@: about to teleport, very quick
A: very small, no large weapons, unfitting armour, see invisible, speed 3
a: Renounce Religion


You were on level 4 of the Dungeon.
You worshipped Okawaru.
Okawaru was noncommittal.
You visited 1 branch of the dungeon, and saw 5 of its levels.

You collected 245 gold pieces.


Innate Abilities, Weirdness & Mutations

You are very small and have problems with some larger weapons.
You are too small for most types of armour.
You have supernaturally acute eyesight. (SInv)
You cover ground extremely quickly. (Speed+++)


   Skills:
 - Level 2.0 Fighting
 + Level 6.8 Ranged Weapons
 - Level 6.2 Dodging
 - Level 1.5 Stealth


You had 5 spell levels left.
You didn't know any spells.
Your spell library was empty.

Inventory:

Hand Weapons
 a - a +1 shortbow (weapon)
Armour
 c - a +0 robe (worn)
 d - a scarf of resistance (worn)
Jewellery
 k - an amulet of the acrobat (around neck)
Scrolls
 m - 3 scrolls of teleportation
Potions
 b - a potion of haste {unknown}
 e - a potion of mutation
 f - a potion of might {unknown}
 g - 2 potions of enlightenment
 l - a potion of degeneration {unknown}

Dungeon Overview and Level Annotations

Branches:
Dungeon (5/15)
 Temple: D:4-7

Altars:
Okawaru

Annotations:
D:4 Dowan, Duvessa


Message History

You shoot an arrow. The arrow closely misses Dowan.
Dowan shouts!
The arrow hits Duvessa but does no damage.
Dowan gestures at you while chanting. The puff of frost hits you. You resist.
3299 ||| FLEEEEING.
You start resting.
Dowan is nearby!
You shoot an arrow. The arrow hits Dowan.
Dowan is moderately wounded.
You start resting.
There are monsters nearby!
You shoot an arrow. The arrow closely misses Duvessa.
You shoot an arrow. The arrow hits Duvessa.
Duvessa is lightly wounded.
Duvessa completely misses you.
You shoot an arrow. The arrow barely misses Duvessa.
Duvessa hits you with a +0 rapier!
You shoot an arrow. The arrow hits Duvessa!
Duvessa is moderately wounded.
Duvessa hits you with a +0 rapier!
You shoot an arrow.
The arrow hits Duvessa but does no damage.
Duvessa is moderately wounded.
Dowan misses you. Duvessa completely misses you.
You shoot an arrow.
The arrow hits Duvessa but does no damage.
Duvessa is moderately wounded.
Duvessa barely misses you. Dowan closely misses you.
Duvessa hits you with a +0 rapier! Dowan gestures at you while chanting.
You resist with almost no effort.
3310 ||| READING 4 scrolls of teleportation.
As you read the scroll of teleportation, it crumbles to dust.
You feel strangely unstable. Dowan barely misses you.
Duvessa barely misses you.
You shoot an arrow. The arrow hits Duvessa.
Duvessa is heavily wounded.
Dowan hits you with a +1 dagger of draining.
You die...

# ### #. ..# #. # ..#
#. .# ..# ##.####.####
#.# #.........e. #.#
#.........e. ..#
#..ee# .## ####@#
.######### ####.####
.##......# #...)...##
.##..##..# #........#
.#.#.##..####........#
#####
......#..............#
.....
..###..#.####........#
.####
..###..#.###.........#
.#.#.#.....)...#....##


You could see Duvessa and Dowan.

Vanquished Creatures
  Sigmund (D:3)
  A howler monkey (D:4)
  A hound (D:4)
  An iguana (D:4)
  An orc wizard (D:3)
  A gnoll (D:2)
  8 adders
  A dart slug (D:1)
  4 orcs (D:3)
  8 bats
  10 endoplasms
  4 giant cockroaches
  10 goblins
  4 hobgoblins
  10 jackals
  11 kobolds
  3 quokkas
  9 ball pythons
  4 frilled lizards
  7 rats
99 creatures vanquished.

Notes
Turn   | Place    | Note
-------+----------+-------------------------------------------
     0 | D:1      | qw the Spriggan Hunter began the quest for the Orb.
     0 | D:1      | Reached XP level 1. HP: 10/10 MP: 2/2
     0 | D:1      | 0 ||| qw: Version: 0.3-a-160-g6735b56
     0 | D:1      | 0 ||| qw: Game counter: 6028
     0 | D:1      | 0 ||| qw: Melee chars always use a shield: true
     0 | D:1      | 0 ||| qw: God list: Okawaru
     0 | D:1      | 0 ||| qw: Allow faded altars: false
     0 | D:1      | 0 ||| qw: Do Orc after clearing Dungeon:15 true
     0 | D:1      | 0 ||| qw: Do second Lair branch before Depths: true
     0 | D:1      | 0 ||| qw: Lair rune preference: random
     0 | D:1      | 0 ||| qw: Goals: Normal
     0 | D:1      | 0 ||| PLANNING D:1-11
    37 | D:1      | Reached skill level 3 in Dodging
    41 | D:1      | Reached XP level 2. HP: 12/14 MP: 3/3
   308 | D:1      | Reached XP level 3. HP: 18/18 MP: 4/4
   712 | D:1      | 712 ||| READING scroll labelled NAENETHRI GOCKA.
   713 | D:1      | 713 ||| READING scroll labelled NOW WOGEX POUV.
   714 | D:1      | 714 ||| READING scroll labelled IFUILOAQU.
   715 | D:1      | 715 ||| READING scroll labelled AFIOKKUHUSOJ.
   715 | D:1      | 715 ||| IDENTIFYING golden potion
   716 | D:1      | 716 ||| DRINKING 2 fuming white potions.
   717 | D:1      | 717 ||| DROPPING scroll of butterflies.
   765 | D:2      | 765 ||| STAIRDANCE
   821 | D:2      | HP: 3/18 [adder (3)]
  1022 | D:2      | Found a faded altar of an unknown god.
  1052 | D:2      | Reached XP level 4. HP: 20/22 MP: 5/5
  1780 | D:2      | 1780 ||| UPGRADING to amulet of the acrobat.
  1785 | D:2      | 1785 ||| READING scroll of identify.
  1785 | D:2      | 1785 ||| IDENTIFYING sapphire potion
  1786 | D:2      | 1786 ||| READING 2 scrolls labelled BALUOLAEMU.
  1787 | D:2      | 1787 ||| READING scroll labelled XOKHLU AKEDAHE.
  1787 | D:2      | 1787 ||| ENCHANTING +0 shortbow.
  1788 | D:2      | 1788 ||| READING 3 scrolls labelled QAATEN ATIAF.
  1791 | D:2      | 1791 ||| READING scroll labelled BAOKYRU SEMOCA.
  1792 | D:2      | 1792 ||| DRINKING 3 cyan potions.
  1793 | D:2      | 1793 ||| DRINKING 2 grey potions.
  1794 | D:2      | 1794 ||| DROPPING scroll of blinking.
  1795 | D:2      | 1795 ||| DROPPING 2 potions of attraction.
  1796 | D:2      | 1796 ||| DROPPING potion of ambrosia.
  1842 | D:3      | You fall into a shaft and drop 2 floors!
  1842 | D:5      | Entered Level 5 of the Dungeon
  1843 | D:5      | 1843 ||| UPGRADING to scarf of resistance.
  1848 | D:5      | 1848 ||| READING scroll labelled XUESTUEVAI.
  1895 | D:3      | Noticed Sigmund
  1901 | D:3      | Reached XP level 5. HP: 14/26 MP: 6/6
  1903 | D:3      | HP: 4/26 [Sigmund/puff of flame (4)]
  1904 | D:3      | 1904 ||| READING 2 scrolls of teleportation.
  1905 | D:3      | 1905 ||| DRINKING potion of heal wounds.
  2069 | D:3      | Found an iron altar of Okawaru.
  2070 | D:3      | 2070 ||| PLANNING OKAWARU WORSHIP
  2070 | D:3      | 2070 ||| READING scroll of identify.
  2070 | D:3      | 2070 ||| IDENTIFYING black potion
  2071 | D:3      | 2071 ||| READING scroll labelled JUKHLI DISI.
  2071 | D:3      | 2071 ||| ENCHANTING +0 shortbow.
  2072 | D:3      | 2072 ||| DRINKING 2 dark potions.
  2073 | D:3      | 2073 ||| FLEEEEING.
  2074 | D:3      | 2074 ||| FLEEEEING.
  2075 | D:3      | 2075 ||| FLEEEEING.
  2076 | D:3      | 2076 ||| FLEEEEING.
  2077 | D:3      | 2077 ||| FLEEEEING.
  2078 | D:3      | 2078 ||| FLEEEEING.
  2079 | D:3      | 2079 ||| FLEEEEING.
  2080 | D:3      | 2080 ||| FLEEEEING.
  2081 | D:3      | 2081 ||| FLEEEEING.
  2082 | D:3      | 2082 ||| FLEEEEING.
  2083 | D:3      | 2083 ||| FLEEEEING.
  2084 | D:3      | 2084 ||| FLEEEEING.
  2085 | D:3      | 2085 ||| FLEEEEING.
  2086 | D:3      | 2086 ||| FLEEEEING.
  2087 | D:3      | 2087 ||| FLEEEEING.
  2088 | D:3      | 2088 ||| FLEEEEING.
  2089 | D:3      | 2089 ||| FLEEEEING.
  2090 | D:3      | 2090 ||| FLEEEEING.
  2091 | D:3      | 2091 ||| STAIRDANCE
  2093 | D:2      | 2093 ||| FLEEEEING.
  2094 | D:2      | 2094 ||| FLEEEEING.
  2095 | D:2      | 2095 ||| FLEEEEING.
  2096 | D:2      | 2096 ||| FLEEEEING.
  2097 | D:2      | 2097 ||| FLEEEEING.
  2098 | D:2      | 2098 ||| FLEEEEING.
  2099 | D:2      | 2099 ||| FLEEEEING.
  2100 | D:2      | 2100 ||| FLEEEEING.
  2101 | D:2      | 2101 ||| FLEEEEING.
  2102 | D:2      | 2102 ||| FLEEEEING.
  2103 | D:2      | 2103 ||| FLEEEEING.
  2104 | D:2      | 2104 ||| FLEEEEING.
  2105 | D:2      | 2105 ||| FLEEEEING.
  2106 | D:2      | 2106 ||| FLEEEEING.
  2107 | D:2      | 2107 ||| FLEEEEING.
  2108 | D:2      | 2108 ||| FLEEEEING.
  2109 | D:2      | 2109 ||| FLEEEEING.
  2110 | D:2      | 2110 ||| FLEEEEING.
  2111 | D:2      | 2111 ||| FLEEEEING.
  2112 | D:2      | 2112 ||| FLEEEEING.
  2113 | D:2      | 2113 ||| STAIRDANCE
  2215 | D:1      | 2215 ||| DROPPING potion of brilliance.
  2216 | D:1      | 2216 ||| DROPPING potion of berserk rage.
  2263 | D:3      | Became a worshipper of Warmaster Okawaru
  2264 | D:3      | 2264 ||| PLANNING D:1-11
  2415 | D:3      | 2415 ||| FLEEEEING.
  2417 | D:3      | 2417 ||| FLEEEEING.
  2418 | D:3      | 2418 ||| FLEEEEING.
  2419 | D:3      | 2419 ||| FLEEEEING.
  2420 | D:3      | 2420 ||| FLEEEEING.
  2645 | D:3      | Killed Sigmund
  2646 | D:3      | Reached skill level 6 in Ranged Weapons
  2646 | D:3      | Reached XP level 6. HP: 11/30 MP: 7/7
  2862 | D:3      | Identified the orb of Levity {light, Rampage *Slow Int+4}
  3160 | D:4      | Reached skill level 6 in Dodging
  3297 | D:4      | Noticed Duvessa
  3297 | D:4      | Noticed Dowan
  3299 | D:4      | 3299 ||| FLEEEEING.
  3309 | D:4      | HP: 3/30 [Duvessa/+0 rapier (10)]
  3310 | D:4      | 3310 ||| READING 4 scrolls of teleportation.
  3311 | D:4      | Slain by Dowan

Levels and vault maps discovered:
D:1:      tarquinn_simple_flora_water_b, layout_loops_cross
D:2:      layout_basic, dreamdust_ecumenical_altar_statues,
          minmay_joined_circles
D:3:      layout_loops_ring, okawaru_metal_pillars_1_2, grunt_decor_cap,
          uniq_sigmund
D:4:      minmay_chambers_of_fours, layout_loops_ring, uniq_ijyb, uniq_duvessa
D:5:      layout_layer_cave, serial_shops, shop_statue,
          nicolae_concentric_dashed_squares_wild, kennysheep_generic_room_11,
          uniq_edmund

Skill      XL: |  1  2  3  4  5  6 |
---------------+-------------------+-----
Dodging        | 3 4 5 6 |  6.2
Ranged Weapons | 5 6 |  6.8
Fighting       | 2 |  2.0
Stealth        | |  1.5

Action                     |  1- 3 |  4- 6 || total
---------------------------+-------+-------++-------
   Fire: Shortbow          |   102 |   194 ||   296
    Use: Scroll            |     4 |    10 ||    14
         Potion            |     1 |     4 ||     5
 Armour: Robe              |    12 |    39 ||    51
  Dodge: Dodged            |    53 |   105 ||   158

Table legend:
 A = Non-vault XP
 B = Vault XP
 C = Vault XP percentage of total XP
 D = Non-vault monster count
 E = Vault monster count
 F = Vault count percentage of total count
                 A         B        C        D         E       F
            +---------+---------+-------+---------+---------+-------
      Total |     371 |     309 |  45.4 |      86 |      13 |  13.1
            +---------+---------+-------+---------+---------+-------
        D:1 |      71 |       0 |   0.0 |      32 |       0 |   0.0
        D:2 |      54 |      66 |  55.0 |      19 |      12 |  38.7
        D:3 |      72 |     243 |  77.1 |      21 |       1 |   4.5
        D:4 |     174 |       0 |   0.0 |      14 |       0 |   0.0
            +---------+---------+-------+---------+---------+-------
